 Dungeon Crawl Stone Soup version 0.23.1-37-gaa34b87 (webtiles) character file.

Game seed: 12359913897431996099

89 Fang the Skirmisher (level 4, 0/29 HPs)
             Began as a Gargoyle Berserker on Mar 21, 2019.
             Was a Believer of Trog.
             Slain by a hound (1 damage)
             ... on level 3 of the Dungeon.
             The game lasted 00:02:28 (1978 turns).

Fang the Skirmisher (Gargoyle Berserker)            Turns: 1978, Time: 00:02:29

Health: 0/29       AC:  5    Str: 21    XL:     4   Next: 55%
Magic:  4/4        EV: 12    Int:  8    God:    Trog [**....]
Gold:   141        SH:  0    Dex:  9    Spells: 3/3 levels left

rFire    . . .     SeeInvis .   a - +0 hand axe
rCold    . . .     Gourm    .   (no shield)
rNeg     + . .     Faith    .   b - +0 animal skin
rPois    ∞         Spirit   .   (no helmet)
rElec    +         Reflect  .   (no cloak)
rCorr    .         Harm     .   (no gloves)
MR       .....                  (no boots)
Stlth    +.........             (no amulet)
HPRegen  0.09/turn              (no ring)
MPRegen  0.09/turn              (no ring)

@: berserk cooldown, slowed, very slow
A: negative energy resistance 1, electricity resistance, unbreathing,
petrification resistance, rot immunity, AC +3
a: Berserk, Trog's Hand, Renounce Religion


You were on level 3 of the Dungeon.
You worshipped Trog.
Trog was pleased with you.
You were very hungry.

You visited 1 branch of the dungeon, and saw 3 of its levels.

You collected 141 gold pieces.

Inventory:

Hand Weapons
 a - a +0 hand axe (weapon)
Armour
 b - a +0 animal skin (worn)
Wands
 f - a wand of polymorph (12)
Scrolls
 d - 2 scrolls of identify {unknown}
 e - 2 scrolls of remove curse {unknown}
 g - a scroll of teleportation {unknown}
 j - a scroll of fear {unknown}
 k - a scroll of enchant weapon {unknown}
 l - 2 scrolls of noise {unknown}
 m - a scroll of immolation {unknown}
 p - a scroll of blinking {unknown}
Potions
 h - a potion of flight {unknown}
 i - 3 potions of heal wounds {unknown}
 o - 2 potions of agility {unknown}
 q - a potion of curing {unknown}
Comestibles
 c - 3 rations
 n - 7 chunks of flesh


   Skills:
 + Level 4.0 Fighting
 + Level 3.3 Axes
 + Level 3.1 Armour
 + Level 2.3 Dodging


You had 3 spell levels left.
You didn't know any spells.
Your spell library was empty.

Dungeon Overview and Level Annotations

Branches:
Dungeon (3/15)

Altars:
Ru


Innate Abilities, Weirdness & Mutations

You are resistant to torment.
Your stone body is resilient. (AC +3)
You are immune to poison.
You resist negative energy. (rN+)
You are resistant to electric shocks. (rElec)
You can survive without breathing.
You are immune to petrification.
You are immune to rotting.


Message History

You hit the hound but do no damage. The hound closely misses you.
The hound bites you.
* * * LOW HITPOINT WARNING * * *
The hound bites you.
* * * LOW HITPOINT WARNING * * *
The rat closely misses you. The hound completely misses you.
The hound closely misses you. The rat bites you but does no damage.
Things that are here:
a +0 dagger; a stone; a kobold corpse The hound barely misses you.
The hound bites you but does no damage. The hound bites you.
* * * LOW HITPOINT WARNING * * *
The rat misses you. The hound barely misses you.
The hound bites you but does no damage. The hound bites you.
* * * LOW HITPOINT WARNING * * *
The hound bites you.
You die...

#.(........#
#..........#
+..........##
#...........# ### ##
#...........####.. ...
#................###.#
#...........# #..(.... .
........)÷..###....# ..
.......%.)..rh@(..># ...
$..##.#########...##....
. #. #......# # ##..####
#..#.. #..#.. ####..#..
##.....#.# #.###..#.#


You could see a hound and a rat.

Vanquished Creatures
  3 adders (D:2)
  2 worms (D:3)
  2 dart slugs (D:2)
  2 leopard geckos (D:1)
  2 giant cockroaches (D:3)
  6 goblins
  7 hobgoblins
  5 jackals (D:2)
  A ball python (D:3)
  5 bats (D:1)
  3 frilled lizards
  6 kobolds
  5 rats
49 creatures vanquished.

Notes
Turn   | Place    | Note
-------+----------+-------------------------------------------
     0 | D:1      | Fang the Gargoyle Berserker began the quest for the Orb.
     0 | D:1      | Reached XP level 1. HP: 14/14 MP: 1/1
   110 | D:1      | Reached XP level 2. HP: 18/19 MP: 2/2
   626 | D:1      | Reached ** piety under Trog
   626 | D:1      | Reached XP level 3. HP: 21/23 MP: 3/3
  1075 | D:2      | Found a sacrificial altar of Ru.
  1548 | D:2      | Reached XP level 4. HP: 25/29 MP: 4/4
  1944 | D:3      | Reached skill level 4 in Fighting
  1978 | D:3      | HP: 1/29 [hound (1)]
  1978 | D:3      | Slain by a hound

Skill      XL: |  1  2  3  4 |
---------------+-------------+-----
Axes           | 3 |  3.3
Dodging        | 2 |  2.3
Armour         | 3 |  3.1
Fighting       | 4 |  4.0

Action                   |  1- 3 |  4- 6 || total
-------------------------+-------+-------++-------
Melee: Hand axe          |    94 |    36 ||   130
Invok: Berserk           |     1 |     1 ||     2
 Stab: Sleeping          |     1 |       ||     1
  Eat: Chunk             |     3 |     1 ||     4
Armor: Animal skin       |    32 |    19 ||    51
Dodge: Dodged            |    46 |    35 ||    81
